 Dungeon Crawl Stone Soup version 0.31-a0-177-g4aa6249778 (webtiles) character file.

Game seed: 8181083444548814643

186 qw the Shooter (level 5, -4/46 HPs)
             Began as a Naga Hunter on June 18, 2023.
             Slain by Grinder (5 damage)
             ... while paralysed by Grinder
             ... on level 4 of the Dungeon.
             The game lasted 00:00:26 (1527 turns).

qw the Shooter (Naga Hunter)                        Turns: 1527, Time: 00:00:26

Health: -4/46      AC:  3    Str: 13    XL:     5   Next: 65%
Magic:  5/5        EV:  1    Int: 10    God:
Gold:   53         SH:  0    Dex: 16    Spells: 4/4 levels left

rFire   . . .        Y - +0 shortbow
rCold   . . .        (shield currently unavailable)
rNeg    . . .        c - +0 leather armour
rPois   +            (no helmet)
rElec   .            (no cloak)
rCorr   .            (no gloves)
SInv    +            (no barding)
Will    .....        (no amulet)
Stlth   ++           (no ring)
HPRegen 0.27/turn    (no ring)
MPRegen 0.09/turn

%: no passive effects
@: paralysed, very slow
A: AC +1, large, see invisible, deformed body, poison resistance, slowness 2,
spit poison 1, naga tail 1
a: Spit Poison


You were on level 4 of the Dungeon.
You visited 1 branch of the dungeon, and saw 3 of its levels.

You collected 53 gold pieces.


Innate Abilities, Weirdness & Mutations

Your serpentine skin is tough. (AC +1)
You have supernaturally acute eyesight. (SInv)
Armour fits poorly on your strangely shaped body.
Your system is resistant to poisons. (rPois)
You cover ground very slowly.
You can spit poison.
You have a snake-like lower body.


   Skills:
 + Level 2.7 Fighting
 - Level 5.8 Ranged Weapons
 - Level 1.5 Dodging
 - Level 1.5 Stealth


You had 4 spell levels left.
You didn't know any spells.
Your spell library was empty.

Inventory:

Hand Weapons
 Y - a +0 shortbow (weapon)
Armour
 c - a +0 leather armour (worn)
Jewellery
 a - an amulet of magic regeneration

Dungeon Overview and Level Annotations

Branches:
Dungeon (4/15)
 Temple: D:4-7

Altars:

Annotations:
D:4 Grinder


Message History

You kill the gnoll!
You feel sick.
Grinder blinks!
You shoot an arrow. The arrow hits the gnoll.
The gnoll is heavily wounded.
You feel sick. Grinder gestures at you. You resist with some effort.
You shoot an arrow. The arrow hits the gnoll!
You kill the gnoll!
You have got your breath back.
You feel sick.
You are no longer poisoned.
Grinder zaps a wand.
The puff of flame hits you!
1522 ||| INVOKING Spit Poison.
Aiming: Spit Poison (1% risk of failure)
Press: ? - help, Shift-Dir - straight line, f - gnoll The splash of poison misses the gnoll.
Grinder says, "There's only one good use for a tongue: cutting it out."
You shoot an arrow. The arrow hits Grinder!
Grinder is moderately wounded.
The gnoll hits you from afar with a +0 spear.
Grinder hits you.
You writhe in agony.
You shoot an arrow. The arrow hits Grinder.
Grinder is moderately wounded.
The gnoll hits you from afar with a +0 spear.
Grinder gestures at you. You resist with some effort.
Grinder says, "Just stop there for a second..."
Grinder gestures at you. You resist with some effort.
The gnoll barely misses you.
You shoot an arrow. The arrow hits Grinder.
Grinder is moderately wounded.
The gnoll hits you from afar with a +0 spear.
Grinder gestures at you.
You suddenly lose the ability to move!
The gnoll hits you from afar with a +0 spear.
Grinder hits you.
You writhe in agony.
You have got your breath back.
The gnoll hits you but does no damage. Grinder hits you.
You writhe in agony.
You die...

..............#
.............##
.............#
.....#####...#
......#####..#### .
................######..
%......................#
....########....5......#
#....@......#
#...%)....).#
#..g........#
#..#####..... #..##
###.. #.. . ...# ..


You could see Grinder and a gnoll.

Vanquished Creatures
  A black bear (D:4)
  3 gnolls
  3 adders
  A ball python (D:1)
  4 bats (D:1)
  2 endoplasms (D:1)
  2 giant cockroaches (D:1)
  5 goblins
  2 hobgoblins (D:1)
  3 jackals (D:2)
  4 kobolds
  A quokka (D:2)
  A frilled lizard (D:1)
  3 rats (D:1)
35 creatures vanquished.

Notes
Turn   | Place    | Note
-------+----------+-------------------------------------------
     0 | D:1      | qw the Naga Hunter began the quest for the Orb.
     0 | D:1      | Reached XP level 1. HP: 19/19 MP: 1/1
     0 | D:1      | 0 ||| qw: Version: 0.3-a-5-g6f28e65
     0 | D:1      | 0 ||| qw: Game counter: 676
     0 | D:1      | 0 ||| qw: Always use a shield: true
     0 | D:1      | 0 ||| qw: God list: Okawaru
     0 | D:1      | 0 ||| qw: Allow faded altars: false
     0 | D:1      | 0 ||| qw: Do Orc after D:15 true
     0 | D:1      | 0 ||| qw: Do second Lair branch before Depths: true
     0 | D:1      | 0 ||| qw: Lair rune preference: random
     0 | D:1      | 0 ||| qw: Plans: Normal
     0 | D:1      | 0 ||| PLANNING D:1-11
     2 | D:1      | 2 ||| INVOKING Spit Poison.
     3 | D:1      | 3 ||| INVOKING Spit Poison.
     6 | D:1      | 6 ||| INVOKING Spit Poison.
    28 | D:1      | 28 ||| INVOKING Spit Poison.
    54 | D:1      | 54 ||| INVOKING Spit Poison.
   102 | D:1      | 102 ||| INVOKING Spit Poison.
   204 | D:1      | 204 ||| INVOKING Spit Poison.
   205 | D:1      | 205 ||| INVOKING Spit Poison.
   207 | D:1      | Reached skill level 4 in Ranged Weapons
   207 | D:1      | Reached XP level 2. HP: 25/26 MP: 2/2
   209 | D:1      | 209 ||| INVOKING Spit Poison.
   215 | D:1      | 215 ||| INVOKING Spit Poison.
   254 | D:1      | 254 ||| INVOKING Spit Poison.
   293 | D:1      | 293 ||| INVOKING Spit Poison.
   329 | D:1      | 329 ||| INVOKING Spit Poison.
   354 | D:1      | 354 ||| INVOKING Spit Poison.
   493 | D:1      | 493 ||| INVOKING Spit Poison.
   524 | D:1      | 524 ||| INVOKING Spit Poison.
   533 | D:1      | 533 ||| INVOKING Spit Poison.
   534 | D:1      | 534 ||| INVOKING Spit Poison.
   640 | D:1      | 640 ||| INVOKING Spit Poison.
   645 | D:1      | 645 ||| INVOKING Spit Poison.
   645 | D:1      | HP: 4/26 [gnoll/+0 flail (8)]
   647 | D:1      | Reached XP level 3. HP: 6/32 MP: 3/3
   771 | D:1      | 771 ||| INVOKING Spit Poison.
   979 | D:1      | 979 ||| INVOKING Spit Poison.
  1111 | D:1      | 1111 ||| INVOKING Spit Poison.
  1114 | D:1      | 1114 ||| READING scroll labelled TOFOUD ALOUS.
  1115 | D:1      | 1115 ||| READING scroll labelled SUGAYH ZAZXI.
  1116 | D:1      | 1116 ||| DROPPING scroll of butterflies.
  1215 | D:2      | 1215 ||| INVOKING Spit Poison.
  1221 | D:2      | 1221 ||| INVOKING Spit Poison.
  1226 | D:2      | 1226 ||| INVOKING Spit Poison.
  1229 | D:2      | 1229 ||| INVOKING Spit Poison.
  1234 | D:2      | 1234 ||| INVOKING Spit Poison.
  1273 | D:2      | You fall into a shaft and drop 2 floors!
  1274 | D:4      | Noticed a black bear
  1276 | D:4      | 1276 ||| INVOKING Spit Poison.
  1280 | D:4      | Killed a black bear
  1281 | D:4      | Reached skill level 5 in Ranged Weapons
  1281 | D:4      | Reached XP level 4. HP: 23/39 MP: 4/4
  1281 | D:4      | Reached XP level 5. HP: 27/45 MP: 5/5
  1401 | D:4      | 1401 ||| INVOKING Spit Poison.
  1512 | D:4      | 1512 ||| INVOKING Spit Poison.
  1513 | D:4      | Noticed Grinder
  1517 | D:4      | 1517 ||| INVOKING Spit Poison.
  1522 | D:4      | 1522 ||| INVOKING Spit Poison.
  1525 | D:4      | HP: 11/46 [gnoll/+0 spear (1)]
  1525 | D:4      | Paralysed by Grinder for 5 turns
  1526 | D:4      | HP: 4/46 [Grinder (5)]
  1527 | D:4      | HP: 1/46 [Grinder (2)]
  1527 | D:4      | Slain by Grinder

Levels and vault maps discovered:
D:1:      dpeg_arrival_prison, layout_loops_corners, nicolae_grassy_gnolls
D:2:      layout_loops_cross, basic_altar
D:4:      minmay_bubble_buster, layout_layer_cave, sigmund_army, uniq_grinder

Skill      XL: |  1  2  3 |
---------------+----------+-----
Ranged Weapons | 4 5 |  5.8
Fighting       | |  2.7
Dodging        | |  1.5
Stealth        | |  1.5

Action                     |  1- 3 |  4- 6 || total
---------------------------+-------+-------++-------
   Fire: Shortbow          |    65 |    14 ||    79
Ability: Spit Poison       |    26 |     4 ||    30
    Use: Scroll            |     2 |       ||     2
 Armour: Leather armour    |    13 |     2 ||    15
  Dodge: Dodged            |    20 |     2 ||    22

Table legend:
 A = Non-vault XP
 B = Vault XP
 C = Vault XP percentage of total XP
 D = Non-vault monster count
 E = Vault monster count
 F = Vault count percentage of total count
                 A         B        C        D         E       F
            +---------+---------+-------+---------+---------+-------
      Total |     246 |      20 |   7.5 |      30 |       5 |  14.3
            +---------+---------+-------+---------+---------+-------
        D:1 |      31 |      20 |  39.2 |      17 |       5 |  22.7
        D:2 |      25 |       0 |   0.0 |       7 |       0 |   0.0
        D:4 |     190 |       0 |   0.0 |       6 |       0 |   0.0
            +---------+---------+-------+---------+---------+-------
